[Event "Ajuinentornooi Aalst 2022"]
[Site "?"]
[Date "2022.06.08"]
[Round "9"]
[White "Maddens, Martijn"]
[Black "Dgebuadze, Alexandre"]
[Result "1/2-1/2"]
[ECO "B61"]
[WhiteElo "2166"]
[BlackElo "2465"]
[PlyCount "71"]
[EventDate "2022.??.??"]
[TimeControl "240+2"]

{600MB, Fritz10.ctg} 1. e4 c5 2. Nf3 Nc6 3. d4 cxd4 4. Nxd4 Nf6 5. Nc3 d6 6.
Bg5 Bd7 7. Qd2 Rc8 8. O-O-O Nxd4 9. Qxd4 Qa5 10. f4 Rxc3 11. bxc3 e5 12. Qc4 b5
13. Qb4 Qxb4 14. cxb4 Nxe4 15. Bh4 Be7 16. Bxe7 Kxe7 17. fxe5 dxe5 18. Re1 f5
19. Bd3 Bc6 20. Rhf1 g6 21. Kb2 Ke6 22. g4 Nd6 23. gxf5+ gxf5 24. a4 a6 25.
axb5 axb5 26. Ra1 e4 27. Be2 Ra8 28. Rxa8 Bxa8 29. Kc3 Ke5 30. Ra1 Bc6 31. Ra6
Be8 32. Ra7 Bf7 33. Re7+ Kf6 34. Ra7 Ke5 35. Re7+ Kf6 36. Ra7 1/2-1/2

[Event "Ajuinentornooi Aalst 2022"]
[Site "?"]
[Date "2022.06.08"]
[Round "9"]
[White "Temmerman, Hans"]
[Black "Goormachtigh, Johan"]
[Result "0-1"]
[ECO "A01"]
[WhiteElo "1727"]
[BlackElo "2148"]
[PlyCount "104"]
[EventDate "2022.??.??"]
[TimeControl "240+2"]

{600MB, Fritz10.ctg} 1. b3 e5 2. Bb2 Nc6 3. e3 Nf6 4. Nf3 e4 5. Nd4 Bc5 6. Nf5
g6 7. Nh6 d5 8. h3 Bf8 9. Ng4 Bg7 10. Nxf6+ Bxf6 11. Bxf6 Qxf6 12. Nc3 Qe5 13.
Ne2 O-O 14. c3 Bd7 15. Ng3 Rad8 16. Bb5 Nb4 17. Be2 Nc6 18. O-O Qg5 19. Qe1 Ne5
20. Rd1 h5 21. Kh2 h4 22. Nh1 Kg7 23. f4 exf3 24. gxf3 Qf5 25. Nf2 Qxf3 26. Ng4
Nxg4+ 27. hxg4 Qe4 28. Bf3 Qe5+ 29. Kg2 h3+ 30. Kh1 Rh8 31. Qf2 Be6 32. d4 Qg5
33. Rg1 c6 34. Rde1 Rh4 35. Qg3 Rdh8 36. Kh2 Qd8 37. Qe5+ Qf6 38. Qg3 Qg5 39.
Re2 Re8 40. e4 dxe4 41. Rxe4 Rhh8 42. Rge1 Qd2+ 43. R1e2 Qxc3 44. R2e3 Qd2+ 45.
Re2 Qa5 46. Qf4 Qd8 47. Qe5+ Qf6 48. Qg3 Bd7 49. g5 Qf5 50. Bg4 Rxe4 51. Rxe4
Qxe4 52. Bxd7 Qg2+ 0-1

[Event "Ajuinentornooi Aalst 2022"]
[Site "?"]
[Date "2022.06.08"]
[Round "9"]
[White "Roos, Adrian"]
[Black "Boodts, Jeroen"]
[Result "1-0"]
[ECO "A47"]
[WhiteElo "2302"]
[BlackElo "1868"]
[PlyCount "175"]
[EventDate "2022.??.??"]
[TimeControl "240+2"]

{600MB, Fritz10.ctg} 1. d4 Nf6 2. Nf3 b6 3. Bg5 Bb7 4. Nbd2 e6 5. e4 h6 6. Bxf6
Qxf6 7. Bd3 d6 8. Qe2 Qd8 9. O-O Be7 10. a4 O-O 11. a5 c5 12. a6 Bc6 13. c3 Nd7
14. Rfe1 Re8 15. Rad1 Qc7 16. Rc1 Rac8 17. Nb1 Qb8 18. Na3 Qa8 19. h3 Nf8 20.
Qe3 e5 21. d5 Bd7 22. b4 Ng6 23. Kh2 Rf8 24. Bb5 Rc7 25. Bxd7 Rxd7 26. bxc5
dxc5 27. c4 Qc8 28. Nb5 Bd6 29. g3 Bb8 30. Ra1 Qd8 31. Qd3 Qe7 32. Ra2 f6 33.
Kg2 Nh8 34. Qe3 Ng6 35. h4 h5 36. Rd2 Qf7 37. Qd3 Rfd8 38. Ng1 Nf8 39. Qf3 Qg6
40. Rde2 Nh7 41. Nh3 Nf8 42. Rg1 Qg4 43. Rge1 Qg6 44. Re3 Nh7 45. Ng1 Nf8 46.
Ne2 Kh8 47. Nec3 Qf7 48. Qe2 Kg8 49. Rf3 g6 50. Qc2 Kg7 51. Nd1 Nh7 52. Ne3 Nf8
53. Rg1 Nh7 54. Kf1 Kh8 55. Ke2 Rf8 56. Qb1 Qe8 57. g4 hxg4 58. Rxg4 Rg7 59.
Rfg3 Qc8 60. Rxg6 Rxg6 61. Rxg6 Qxa6 62. Nf5 Qa4 63. Kd3 a6 64. Nc3 Qe8 65. h5
Qd7 66. Qxb6 Qc8 67. Rg7 Rg8 68. Rxg8+ Qxg8 69. Qxa6 Bc7 70. Qc6 Ba5 71. Qe6
Bxc3 72. Qxg8+ Kxg8 73. Kxc3 Ng5 74. Kd3 Nh3 75. Ke3 Kf7 76. h6 Ng5 77. f4 Nh7
78. fxe5 fxe5 79. d6 Ke6 80. Kd3 Ng5 81. Kc3 Nh7 82. Kb3 Kd7 83. Ka4 Kc6 84.
Ka5 Nf6 85. Ka6 Nh7 86. Ka7 Nf8 87. Kb8 Ng6 88. Ne7+ 1-0

[Event "Ajuinentornooi Aalst 2022"]
[Site "?"]
[Date "2022.06.08"]
[Round "9"]
[White "Poelman, Geoffrey"]
[Black "Van De Putte, Ben"]
[Result "1-0"]
[ECO "B02"]
[WhiteElo "1887"]
[BlackElo "1704"]
[PlyCount "81"]
[EventDate "2022.??.??"]
[TimeControl "240+2"]

{600MB, Fritz10.ctg} 1. e4 Nf6 2. Nc3 d5 3. e5 d4 4. exf6 dxc3 5. bxc3 exf6 6.
d4 Bd6 7. Bd3 c6 8. Qh5 g6 9. Qh6 Bf8 10. Qe3+ Qe7 11. a4 Qxe3+ 12. Bxe3 Bd6
13. Bh6 Rg8 14. h4 Nd7 15. a5 f5 16. Kd2 Nf6 17. Nh3 Be6 18. Rab1 Rb8 19. Bg5
Nd5 20. c4 Nc7 21. c5 Be7 22. Bf4 Kd7 23. Ng5 h5 24. Nxe6 fxe6 25. Bc4 Bd8 26.
Rhe1 Nd5 27. Bxb8 Bxa5+ 28. Kd3 Rxb8 29. Re5 Bc7 30. Ree1 b5 31. cxb6 axb6 32.
Ra1 b5 33. Bb3 Rb7 34. Ra8 Bd8 35. g3 Nc7 36. Raa1 Bf6 37. c3 Kd6 38. Ra2 Nd5
39. Ra8 b4 40. c4 Nc7 41. Rg8 1-0

[Event "Ajuinentornooi Aalst 2022"]
[Site "?"]
[Date "2022.06.08"]
[Round "9"]
[White "Van De Perre, Tom"]
[Black "Claeys, Pieter"]
[Result "1-0"]
[ECO "B12"]
[WhiteElo "2072"]
[BlackElo "1798"]
[PlyCount "115"]
[EventDate "2022.??.??"]
[TimeControl "240+2"]

{600MB, Fritz10.ctg} 1. e4 c6 2. d4 d5 3. e5 c5 4. dxc5 Nc6 5. Bb5 e6 6. Be3
Nge7 7. c3 Bd7 8. Bxc6 Bxc6 9. Nf3 Nf5 10. Bd4 Nxd4 11. Qxd4 b6 12. cxb6 axb6
13. O-O Ra4 14. b4 g6 15. Qd1 Qa8 16. Nd4 Bd7 17. a3 Bg7 18. f4 O-O 19. Ra2 f6
20. Re2 fxe5 21. fxe5 Rxf1+ 22. Qxf1 Qc8 23. Qf4 Ra7 24. g4 Be8 25. g5 Rf7 26.
Qe3 Bd7 27. Nd2 Qf8 28. Kg2 Rf4 29. Kg3 Rf7 30. N2f3 Qa8 31. Ra2 b5 32. Qd3 Qb8
33. Qe3 Qa8 34. h4 Qb8 35. Re2 Qa8 36. Ra2 Qb8 37. Qe2 Qc7 38. Rc2 Qb8 39. Kg4
Qf8 40. Qe3 Qa8 41. Qc1 Qb8 42. Re2 Qf8 43. Kg3 Qb8 44. Re1 Qf8 45. Qe3 Qa8 46.
Nh2 Qxa3 47. Ng4 Qa6 48. Nf6+ Kh8 49. Nb3 Qc6 50. Nc5 Bc8 51. Nb3 Qc7 52. Kg2
Qb7 53. Nd4 Bd7 54. Ra1 Qb6 55. Ra8+ Bf8 56. Nxd7 Rxd7 57. Rxf8+ Kg7 58. Qf2
1-0

[Event "Ajuinentornooi Aalst 2022"]
[Site "?"]
[Date "2022.06.08"]
[Round "9"]
[White "Goossens, Xavier"]
[Black "Lesaffer, Michel"]
[Result "1/2-1/2"]
[ECO "B50"]
[WhiteElo "2052"]
[BlackElo "1570"]
[PlyCount "60"]
[EventDate "2022.??.??"]
[TimeControl "240+2"]

{600MB, Fritz10.ctg} 1. e4 c5 2. Nf3 d6 3. c3 Nf6 4. Bc4 e6 5. Qe2 d5 6. exd5
Nxd5 7. O-O Be7 8. d4 O-O 9. Rd1 cxd4 10. cxd4 Nc6 11. Nc3 Bf6 12. Qe4 Nde7 13.
Be3 Nf5 14. Bb3 Nxe3 15. Qxe3 g6 16. Ne4 Kg7 17. Rac1 Na5 18. Bc2 Nc4 19. Qc3
Nd6 20. Nxf6 Qxf6 21. Ne5 Qe7 22. d5 f6 23. Nf3 exd5 24. Rxd5 Be6 25. Rc5 Rac8
26. Bb1 Rxc5 27. Qxc5 Rc8 28. Qe3 Rxc1+ 29. Qxc1 Bf5 30. Bxf5 Nxf5 1/2-1/2

[Event "Ajuinentornooi Aalst 2022"]
[Site "?"]
[Date "2022.06.08"]
[Round "9"]
[White "Willockx, Ritsaart"]
[Black "Londers, Jan"]
[Result "1-0"]
[ECO "B76"]
[WhiteElo "1937"]
[BlackElo "1762"]
[PlyCount "161"]
[EventDate "2022.??.??"]
[TimeControl "240+2"]

{600MB, Fritz10.ctg} 1. e4 c5 2. Nf3 d6 3. d4 cxd4 4. Nxd4 Nf6 5. Nc3 g6 6. f3
Bg7 7. Be3 Nc6 8. Qd2 O-O 9. Be2 Nxd4 10. Bxd4 Be6 11. O-O Qa5 12. Rfd1 Rfc8
13. Be3 Rab8 14. Nb5 Qxd2 15. Rxd2 a6 16. Nd4 Bc4 17. c3 Bxe2 18. Nxe2 b5 19.
Kf2 Rc7 20. Rad1 Nd7 21. Bd4 Nb6 22. Bxb6 Rxb6 23. Nf4 Rbb7 24. Nd5 Rc5 25. Nb4
a5 26. Nd3 Rc4 27. a3 Kf8 28. Re2 e6 29. Ne1 Ke7 30. Nc2 Rbc7 31. Red2 Be5 32.
g3 g5 33. Rd3 R4c6 34. Ke3 Rc8 35. Nd4 Bxd4+ 36. Rxd4 Rb8 37. R1d2 Rcb6 38. Rc2
Kf6 39. Rcd2 b4 40. cxb4 axb4 41. Rxd6 bxa3 42. Rxb6 Rxb6 43. bxa3 Rb3+ 44. Rd3
Rb2 45. h3 Ra2 46. f4 h6 47. e5+ Kf5 48. g4+ Kg6 49. Ke4 Re2+ 50. Re3 Rf2 51.
Rf3 Re2+ 52. Kd3 Rb2 53. f5+ exf5 54. gxf5+ Kg7 55. e6 fxe6 56. fxe6 Rb3+ 57.
Ke4 Rb6 58. Ke5 Rb1 59. Kd6 h5 60. Re3 Rd1+ 61. Ke7 Rb1 62. Rd3 g4 63. hxg4
hxg4 64. Rg3 Rb7+ 65. Kd6 Kf6 66. Rxg4 Rb6+ 67. Kd5 Ke7 68. Re4 Ra6 69. a4 Ra5+
70. Kc6 Kd8 71. e7+ Ke8 72. Kb6 Rd5 73. a5 Rd1 74. Re6 Rb1+ 75. Ka7 Rb5 76. a6
Rd5 77. Kb8 Rb5+ 78. Kc7 Rb1 79. a7 Rc1+ 80. Kb7 Rb1+ 81. Rb6 1-0

[Event "Ajuinentornooi Aalst 2022"]
[Site "?"]
[Date "2022.06.08"]
[Round "9"]
[White "Roelandt, Andreas"]
[Black "Lanckriet, Chris"]
[Result "0-1"]
[ECO "A56"]
[WhiteElo "1873"]
[BlackElo "1986"]
[PlyCount "96"]
[EventDate "2022.??.??"]
[TimeControl "240+2"]

{600MB, Fritz10.ctg} 1. d4 g6 2. c4 Bg7 3. e4 c5 4. d5 d6 5. Nc3 Nf6 6. g3 Na6
7. Bg2 Nc7 8. Nf3 Bd7 9. O-O Qc8 10. Re1 O-O 11. e5 Nh5 12. Bg5 f6 13. e6 fxg5
14. exd7 Qxd7 15. Nxg5 Bd4 16. Bh3 Bxf2+ 17. Kg2 Qd8 18. Ne6 Nxe6 19. Bxe6+ Kh8
20. Rf1 Bd4 21. Qd2 Qb6 22. Rxf8+ Rxf8 23. Rf1 Rxf1 24. Kxf1 Qb4 25. Qe2 Bxc3
26. bxc3 Qxc3 27. Kg2 Nf6 28. Bc8 Qe5 29. Qxe5 dxe5 30. Bxb7 Ne8 31. Ba6 Nd6
32. Kf3 Kg7 33. Ke3 Kf6 34. Bb5 g5 35. g4 e4 36. h3 Ke5 37. Ba6 h6 38. a4 Ne8
39. Bc8 Nf6 40. Bf5 h5 41. a5 hxg4 42. hxg4 Kd6 43. Be6 Kc7 44. Bf5 Kb7 45.
Bxe4 Nxg4+ 46. Kf3 Ne5+ 47. Kg3 Ka6 48. Kf2 Kxa5 0-1

[Event "Ajuinentornooi Aalst 2022"]
[Site "?"]
[Date "2022.06.08"]
[Round "9"]
[White "Ponnet, Guy"]
[Black "Van Zeebroeck, Sam"]
[Result "0-1"]
[ECO "B02"]
[WhiteElo "1606"]
[BlackElo "1750"]
[PlyCount "90"]
[EventDate "2022.??.??"]
[TimeControl "240+2"]

{600MB, Fritz10.ctg} 1. e4 Nf6 2. Bc4 b5 3. Bxb5 Nxe4 4. d3 Nd6 5. Ba4 Bb7 6.
Nf3 e6 7. Be3 Be7 8. O-O O-O 9. Nbd2 Nf5 10. c3 d5 11. d4 c5 12. Bc2 cxd4 13.
Bxd4 Nxd4 14. Nxd4 Nc6 15. N2f3 Bf6 16. Qd3 g6 17. Rfe1 Nxd4 18. cxd4 a5 19.
Ne5 Qd6 20. Qf3 Bg7 21. h4 Rac8 22. Rac1 Bh6 23. Ng4 Bxc1 24. Nf6+ Kg7 25. Rxc1
Qe7 26. h5 h6 27. Ng4 Qg5 28. Ne3 Qxh5 29. Qxh5 gxh5 30. f3 Ba6 31. Re1 Rc7 32.
Kf2 Rfc8 33. Bd1 Bd3 34. Kg3 Bg6 35. Kh4 Rb8 36. g4 hxg4 37. Nxg4 Rc4 38. Rg1
Rxd4 39. Kh3 Rxb2 40. Ne5 Rdd2 41. Bb3 Re2 42. f4 Re3+ 43. Rg3 Rxg3+ 44. Kxg3
Bb1 45. Nd3 Bxd3 0-1

[Event "Ajuinentornooi Aalst 2022"]
[Site "?"]
[Date "2022.06.08"]
[Round "9"]
[White "Roels, Frederik"]
[Black "Van Lil, Robin"]
[Result "0-1"]
[ECO "E01"]
[WhiteElo "1916"]
[BlackElo "1345"]
[PlyCount "96"]
[EventDate "2022.??.??"]
[TimeControl "240+2"]

{600MB, Fritz10.ctg} 1. d4 Nf6 2. c4 e6 3. g3 c5 4. Nf3 cxd4 5. Nxd4 d5 6. Bg2
e5 7. Nf3 d4 8. O-O Nc6 9. e3 Be7 10. a3 a5 11. Qc2 O-O 12. Rd1 Bg4 13. Nc3 Qc8
14. Nd5 Bd8 15. e4 Nxd5 16. cxd5 Ne7 17. Qxc8 Rxc8 18. h3 Bxf3 19. Bxf3 Bb6 20.
Bd2 Rc2 21. a4 f5 22. b4 fxe4 23. Bxe4 d3 24. Be3 Bxe3 25. fxe3 axb4 26. Rxd3
Rc3 27. Rxc3 bxc3 28. Rc1 Rd8 29. Rxc3 Kf7 30. Rd3 Kf6 31. g4 Nc8 32. Bf3 Nd6
33. e4 Ra8 34. Ra3 h6 35. Kf2 Ra5 36. h4 g5 37. hxg5+ hxg5 38. Ra1 b5 39. Rh1
bxa4 40. Rh6+ Ke7 41. Re6+ Kd7 42. Bd1 a3 43. Bb3 Nxe4+ 44. Ke3 Nc5 45. Ba2
Nxe6 46. dxe6+ Ke7 47. Ke4 Ra4+ 48. Kf3 e4+ 0-1

[Event "Ajuinentornooi Aalst 2022"]
[Site "?"]
[Date "2022.06.08"]
[Round "9"]
[White "De Meyer, Nicolas"]
[Black "De Smet, Frans"]
[Result "0-1"]
[ECO "B22"]
[WhiteElo "1392"]
[BlackElo "1699"]
[PlyCount "108"]
[EventDate "2022.??.??"]
[TimeControl "240+2"]

{600MB, Fritz10.ctg} 1. e4 c5 2. c3 Nf6 3. e5 Nd5 4. d4 cxd4 5. cxd4 d6 6. a3
Nc6 7. Nf3 e6 8. Bc4 dxe5 9. dxe5 Be7 10. Nc3 Nxc3 11. Qxd8+ Bxd8 12. bxc3 O-O
13. O-O Bc7 14. Bf4 h6 15. h4 Bd7 16. Rfd1 Rfd8 17. Rab1 Na5 18. Bf1 Bc6 19.
Nd4 Ba4 20. Rd2 Rac8 21. Rb4 Be8 22. Bg3 Bb6 23. Rd3 Rd5 24. Kh2 Rdc5 25. Nb3
Nxb3 26. Rxb3 Bb5 27. Rd1 Bxf1 28. Rxf1 Rxc3 29. Rxc3 Rxc3 30. Rd1 Kf8 31. Rd7
Rc7 32. Rd8+ Ke7 33. Rg8 g6 34. h5 gxh5 35. Bh4+ Kd7 36. Rh8 Kc6 37. Rxh6 Kb5
38. Bd8 Rd7 39. Bxb6 Kxb6 40. Rxh5 Kc5 41. g4 b5 42. Kg3 a5 43. g5 b4 44. axb4+
axb4 45. Rh7 Kc6 46. Rh4 b3 47. Rb4 Rb7 48. Rc4+ Kd5 49. Rc1 b2 50. Rb1 Kxe5
51. f4+ Ke4 52. Kg4 Kd3 53. f5 Rb4+ 54. Kh5 exf5 0-1

[Event "Ajuinentornooi Aalst 2022"]
[Site "?"]
[Date "2022.06.08"]
[Round "9"]
[White "Cappelle, Gert-Jan"]
[Black "Torfs, Gert"]
[Result "1-0"]
[ECO "A00"]
[WhiteElo "1569"]
[BlackElo "1617"]
[PlyCount "21"]
[EventDate "2022.??.??"]
[TimeControl "240+2"]

{600MB, Fritz10.ctg} 1. e4 d5 2. Nc3 d4 3. Nce2 e5 4. Ng3 c5 5. Bc4 Nf6 6. c3
Bd7 7. Qb3 Qe7 8. Qxb7 Bc6 9. Qc8+ Qd8 10. Bxf7+ Ke7 11. Qe6# 1-0

[Event "Ajuinentornooi Aalst 2022"]
[Site "?"]
[Date "2022.06.08"]
[Round "9"]
[White "Cotman, Dirk"]
[Black "Dhooge, Achiel"]
[Result "0-1"]
[ECO "A00"]
[WhiteElo "1288"]
[BlackElo "1591"]
[PlyCount "118"]
[EventDate "2022.??.??"]
[TimeControl "240+2"]

{600MB, Fritz10.ctg} 1. b4 e5 2. Bb2 d6 3. e3 Nf6 4. c4 Nbd7 5. Nc3 b6 6. Nf3
Bb7 7. Be2 Be7 8. Qc2 a5 9. b5 Nc5 10. d4 exd4 11. exd4 Nce4 12. d5 Nc5 13. O-O
O-O 14. a4 Ng4 15. Nd4 Ne5 16. f4 Ng6 17. Nc6 Bxc6 18. dxc6 Bf6 19. Rad1 Ne6
20. f5 Nd4 21. Qb1 Nxe2+ 22. Nxe2 Ne5 23. Bxe5 Bxe5 24. Qe4 Re8 25. Qg4 Qf6 26.
Ng3 Bxg3 27. Qxg3 Re5 28. Rd5 Rae8 29. Rxe5 Rxe5 30. Qf4 Re2 31. Rd1 Qe5 32.
Qxe5 Rxe5 33. Rd5 f6 34. Kf2 Kf7 35. Kf3 g6 36. fxg6+ hxg6 37. g4 Ke6 38. Rd4
Rc5 39. h4 Kf7 40. Rf4 Kg7 41. Re4 Kf7 42. Kf4 Kg7 43. Rd4 Kf7 44. Ke3 Kg7 45.
Kd3 Kf8 46. Rd5 Rxd5+ 47. cxd5 Kg7 48. Ke4 Kh6 49. Kf4 Kg7 50. h5 Kh6 51. hxg6
Kxg6 52. Kg3 Kg5 53. Kf3 f5 54. gxf5 Kxf5 55. Ke3 Ke5 56. Kd3 Kxd5 57. Kc3 Kc5
58. Kb3 d5 59. Kc3 d4+ 0-1

[Event "Ajuinentornooi Aalst 2022"]
[Site "?"]
[Date "2022.06.08"]
[Round "9"]
[White "Vanhee, Freddy"]
[Black "Evens, Joris"]
[Result "1/2-1/2"]
[ECO "D03"]
[WhiteElo "1813"]
[BlackElo "1427"]
[PlyCount "59"]
[EventDate "2022.??.??"]
[TimeControl "240+2"]

{600MB, Fritz10.ctg} 1. d4 d5 2. c3 Nf6 3. Bg5 Nbd7 4. Nd2 c6 5. Ngf3 g6 6. e3
Bg7 7. Bd3 O-O 8. O-O Qe8 9. Ne5 Nxe5 10. dxe5 Ne4 11. Nxe4 dxe4 12. Bxe4 Bxe5
13. Bh6 Bg7 14. Bxg7 Kxg7 15. Qd4+ e5 16. Qc5 f5 17. Bc2 b6 18. Qd6 Rf6 19. Qd2
Be6 20. Rad1 Bd5 21. Bb3 Bxb3 22. axb3 Qe6 23. Qd7+ Qf7 24. Rd2 Re8 25. Qxf7+
Kxf7 26. Rfd1 f4 27. Rd7+ Re7 28. exf4 exf4 29. f3 Rfe6 30. Rxe7+ 1/2-1/2

[Event "Ajuinentornooi Aalst 2022"]
[Site "?"]
[Date "2022.06.08"]
[Round "9"]
[White "Pepermans, Jelle"]
[Black "Van Steen, Guido"]
[Result "1-0"]
[ECO "B02"]
[WhiteElo "1718"]
[BlackElo "1381"]
[PlyCount "49"]
[EventDate "2022.??.??"]
[TimeControl "240+2"]

{600MB, Fritz10.ctg} 1. e4 Nf6 2. Nc3 d5 3. exd5 Nxd5 4. Bc4 Nxc3 5. Qf3 e6 6.
bxc3 Nc6 7. d4 Bd6 8. Nh3 f6 9. O-O O-O 10. Re1 Re8 11. Nf4 Bxf4 12. Bxf4 Kh8
13. Qh5 g6 14. Qh6 Qd7 15. Rxe6 Qf7 16. Rxc6 Qe7 17. Rxc7 Bd7 18. h3 Rac8 19.
Bd3 Rxc7 20. Bxc7 Bc6 21. Ba5 Qd6 22. Bb4 Qd5 23. f3 a5 24. Bxg6 Qg8 25. Bxe8
1-0

[Event "Ajuinentornooi Aalst 2022"]
[Site "?"]
[Date "2022.06.08"]
[Round "9"]
[White "Doossche, Carlo"]
[Black "Durieux, Frank"]
[Result "1-0"]
[ECO "D37"]
[WhiteElo "1594"]
[BlackElo "1368"]
[PlyCount "67"]
[EventDate "2022.??.??"]
[TimeControl "240+2"]

{600MB, Fritz10.ctg} 1. Nf3 d5 2. c4 e6 3. d4 Nf6 4. e3 Be7 5. Nc3 O-O 6. Bd3
Nbd7 7. O-O b6 8. Re1 Bb7 9. Bd2 Ne4 10. Rc1 Nxd2 11. Qxd2 dxc4 12. Bxc4 Bxf3
13. gxf3 Nf6 14. e4 Re8 15. Bb5 Rf8 16. Bc6 Rc8 17. Bb7 Rb8 18. Ba6 c5 19. Nb5
cxd4 20. Rc7 Bd6 21. Rxa7 Ne8 22. Nxd6 Qxd6 23. Rc1 Qd8 24. Bf1 Nf6 25. a3 Rc8
26. Rxc8 Qxc8 27. Qxd4 Qc5 28. Qxc5 bxc5 29. Rc7 Rd8 30. Rxc5 Nd7 31. Rb5 g6
32. a4 Rb8 33. Rxb8+ Nxb8 34. Bb5 1-0

[Event "Ajuinentornooi Aalst 2022"]
[Site "?"]
[Date "2022.06.08"]
[Round "9"]
[White "Lauwers, Rudi"]
[Black "Van Der Voorde, Sonja"]
[Result "1/2-1/2"]
[ECO "B50"]
[WhiteElo "1440"]
[BlackElo "1327"]
[PlyCount "38"]
[EventDate "2022.??.??"]
[TimeControl "240+2"]

{600MB, Fritz10.ctg} 1. e4 c5 2. Nf3 d6 3. c3 Nf6 4. d3 g6 5. Be2 Bg7 6. O-O
O-O 7. Qc2 Nc6 8. Bg5 a6 9. Nbd2 Qc7 10. Rfe1 Bg4 11. h3 Bxf3 12. Nxf3 Rac8 13.
Rac1 e6 14. d4 cxd4 15. cxd4 d5 16. exd5 Nxd5 17. Qd2 Qb6 18. Red1 Rfe8 19. b3
Qb4 1/2-1/2

[Event "Ajuinentornooi Aalst 2022"]
[Site "?"]
[Date "2022.06.08"]
[Round "9"]
[White "De Wolf, Bernard"]
[Black "Wauters, Johan"]
[Result "1/2-1/2"]
[ECO "D52"]
[WhiteElo "1593"]
[BlackElo "1545"]
[PlyCount "106"]
[EventDate "2022.??.??"]
[TimeControl "240+2"]

{600MB, Fritz10.ctg} 1. d4 Nf6 2. c4 e6 3. Nf3 d5 4. Bg5 c6 5. Nc3 Nbd7 6. e3
Bd6 7. Bd3 O-O 8. O-O h6 9. Bh4 e5 10. dxe5 Nxe5 11. Nxe5 Bxe5 12. Bg3 Bxg3 13.
hxg3 Be6 14. cxd5 Nxd5 15. Nxd5 Bxd5 16. Qc2 b6 17. Rad1 Qc7 18. e4 Be6 19. f4
Bg4 20. Be2 Bxe2 21. Qxe2 Rad8 22. Qf3 c5 23. f5 Qe5 24. b3 Rd4 25. Rde1 Rfd8
26. Qf4 Re8 27. Qxe5 Rxe5 28. Rf4 f6 29. Kf2 Kf7 30. Kf3 a5 31. Ke3 b5 32. Rc1
Rd6 33. Rf2 Ke7 34. Rfc2 Rc6 35. a3 Kd7 36. Rd2+ Rd6 37. Rdc2 Rc6 38. b4 axb4
39. axb4 c4 40. Ra1 Rc7 41. Rd2+ Kc6 42. Ra6+ Kb7 43. Rdd6 c3 44. Rab6+ Kc8 45.
Rbc6 c2 46. Kd2 Rxe4 47. Kxc2 Rxb4 48. Rxc7+ Kxc7 49. Re6 Kd7 50. Rb6 Ke7 51.
Re6+ Kd7 52. Rb6 Kc7 53. Re6 Rg4 1/2-1/2

[Event "Ajuinentornooi Aalst 2022"]
[Site "?"]
[Date "2022.06.08"]
[Round "9"]
[White "Brys, Yves"]
[Black "Cotman, Lothar"]
[Result "1-0"]
[ECO "D02"]
[WhiteElo "1416"]
[BlackElo "1246"]
[PlyCount "93"]
[EventDate "2022.??.??"]
[TimeControl "240+2"]

{600MB, Fritz10.ctg} 1. d4 d5 2. Bf4 e6 3. Nf3 Nf6 4. e3 c5 5. c3 Nc6 6. Nbd2
Bd6 7. Bg3 Qe7 8. Bd3 c4 9. Bc2 b5 10. Qe2 e5 11. dxe5 Nxe5 12. Nxe5 Bxe5 13.
Nf3 Bd6 14. Nd4 Bd7 15. Bh4 Be5 16. Rd1 b4 17. f4 Bxd4 18. Rxd4 Bc6 19. Bxf6
gxf6 20. e4 bxc3 21. bxc3 O-O-O 22. Kf2 Kc7 23. Re1 Rhe8 24. e5 fxe5 25. Qxe5+
Qxe5 26. Rxe5 Rxe5 27. fxe5 Re8 28. Rf4 Rxe5 29. Rxf7+ Kb6 30. Rxh7 a5 31. Rf7
Kc5 32. Rf6 Bb7 33. Rf4 Bc8 34. h3 Rh5 35. Rf6 Bxh3 36. Ba4 d4 37. cxd4+ Kxd4
38. Rf4+ Kc5 39. gxh3 Rxh3 40. Rf5+ Kb4 41. Bd7 Rh2+ 42. Ke1 Rxa2 43. Rb5+ Kc3
44. Rc5 Kb4 45. Rb5+ Kc3 46. Rc5 Ra4 47. Bxa4 1-0

[Event "Ajuinentornooi Aalst 2022"]
[Site "?"]
[Date "2022.06.08"]
[Round "9"]
[White "Claessens, Dirk"]
[Black "Heyvaert, Johan"]
[Result "1-0"]
[ECO "A07"]
[WhiteElo "1412"]
[BlackElo "1465"]
[PlyCount "93"]
[EventDate "2022.??.??"]
[TimeControl "240+2"]

{600MB, Fritz10.ctg} 1. Nf3 d5 2. g3 Nc6 3. Bg2 e5 4. d3 Nf6 5. O-O Bf5 6. Nbd2
Bc5 7. e4 dxe4 8. dxe4 Bxe4 9. Nxe4 Nxe4 10. Qxd8+ Rxd8 11. Nxe5 Bxf2+ 12. Rxf2
Nxf2 13. Bxc6+ bxc6 14. Kxf2 Rd6 15. Kg2 O-O 16. Nf3 Rd1 17. Kf2 Re8 18. h4 h6
19. b3 g5 20. hxg5 hxg5 21. Bb2 Rd5 22. Rh1 f5 23. Rh8+ Kf7 24. Nxg5+ Ke7 25.
Rxe8+ Kxe8 26. Ke3 Ke7 27. Nf3 c5 28. Bc3 Ke6 29. Ng5+ Ke7 30. b4 cxb4 31.
Bxb4+ Kf6 32. Nf3 c5 33. Bc3+ Kg6 34. Kf4 Rd1 35. Nh4+ Kh5 36. Nxf5 Rf1+ 37.
Ke4 Rf2 38. Ne3 Rf8 39. g4+ Kg6 40. Be5 Rd8 41. Nd5 Rd7 42. c4 Rb7 43. a4 Kg5
44. Bd6 Kxg4 45. Bxc5 a6 46. a5 Rb1 47. Bb6 1-0

[Event "Ajuinentornooi Aalst 2022"]
[Site "?"]
[Date "2022.06.08"]
[Round "9"]
[White "Van Heghe, Isabelle"]
[Black "Brys, Kristof"]
[Result "0-1"]
[ECO "D02"]
[WhiteElo "1159"]
[BlackElo "1317"]
[PlyCount "100"]
[EventDate "2022.??.??"]
[TimeControl "240+2"]

{600MB, Fritz10.ctg} 1. d4 Nf6 2. Bf4 g6 3. h3 d5 4. Nf3 Bg7 5. c3 O-O 6. e3
Nbd7 7. Bd3 c5 8. Nbd2 e6 9. O-O Re8 10. a3 a5 11. a4 c4 12. Bc2 Nh5 13. Bh2 e5
14. b3 exd4 15. cxd4 Nb6 16. Nb1 cxb3 17. Bxb3 Nf6 18. Nbd2 Bf5 19. Ne5 Nbd7
20. Ndf3 Be4 21. Nxd7 Nxd7 22. Rc1 Rc8 23. Rxc8 Qxc8 24. Ng5 Nf6 25. Nxe4 dxe4
26. f3 exf3 27. Qxf3 Rf8 28. Be5 Qf5 29. Qxf5 gxf5 30. Rxf5 Ne4 31. Bxg7 Kxg7
32. Bd5 Nd6 33. Rf3 b5 34. axb5 Nxb5 35. Bb3 Nc3 36. e4 Nxe4 37. d5 Nd2 38. Rd3
Nxb3 39. Rxb3 Rd8 40. Rd3 Kf6 41. Kf2 Rd7 42. Ke3 Ke5 43. d6 Rxd6 44. Rxd6 Kxd6
45. Kd4 a4 46. Kc3 Ke5 47. Kb4 Kf4 48. g4 Kg3 49. Kxa4 Kxh3 50. g5 Kh4 0-1

[Event "Ajuinentornooi Aalst 2022"]
[Site "?"]
[Date "2022.06.08"]
[Round "9"]
[White "Feys, Jacques"]
[Black "Schatteman, Sven"]
[Result "0-1"]
[ECO "B06"]
[WhiteElo "1071"]
[BlackElo "1272"]
[PlyCount "70"]
[EventDate "2022.??.??"]
[TimeControl "240+2"]

{600MB, Fritz10.ctg} 1. e4 g6 2. d4 Bg7 3. e5 Nc6 4. Nf3 d6 5. Bb5 Bd7 6. a3
dxe5 7. Bxc6 Bxc6 8. c3 e4 9. Nh4 e6 10. g3 e3 11. O-O Qd5 12. f3 e2 13. Qxe2
Bb5 14. Qe4 Bxf1 15. Qxd5 exd5 16. Kxf1 Nf6 17. g4 h5 18. g5 Nd7 19. Bf4 O-O-O
20. Nd2 Rde8 21. Nb3 Re7 22. Bd2 Nb6 23. Be1 Rhe8 24. Nd2 Re2 25. Ng2 f6 26.
Nf4 R2e3 27. gxf6 Bxf6 28. Nxg6 Bg5 29. Ne5 Nc4 30. Bf2 Nxd2+ 31. Kg2 Re2 32.
Re1 Rxe1 33. Bxe1 Nc4 34. Nd3 Nxb2 35. Nxb2 Re2+ 0-1

[Event "Ajuinentornooi Aalst 2022"]
[Site "?"]
[Date "2022.06.08"]
[Round "9"]
[White "Schamp, Johan"]
[Black "Vergote, Geert"]
[Result "1-0"]
[ECO "C41"]
[WhiteElo "1292"]
[BlackElo "1150"]
[PlyCount "40"]
[EventDate "2022.??.??"]
[TimeControl "240+2"]

{600MB, Fritz10.ctg} 1. e4 d6 2. d4 Nf6 3. Nc3 Nbd7 4. Bc4 e5 5. Nf3 h6 6. dxe5
dxe5 7. O-O c6 8. Be3 Qc7 9. a3 Be7 10. Qd2 a5 11. Nh4 Nf8 12. f4 Ng4 13. Nf5
Bxf5 14. exf5 b6 15. Qe2 Nxe3 16. Rf3 Nxf5 17. fxe5 Nd4 18. Bxf7+ Kd8 19. Rd3
Bc5 20. Na4 Nfe6 1-0